 Dungeon Crawl Stone Soup version 0.29-a0-330-g52719c12eb (webtiles) character file.

Game seed: 15372671170604163977

10763 kae the Nimble (level 11, 0/81 HPs)
             Began as a Djinni Fire Elementalist on Apr 19, 2022.
             Was a Believer of Makhleb.
             Shot with an arrow by a centaur warrior (20 damage)
             ... on level 9 of the Dungeon.
             The game lasted 00:09:20 (9298 turns).

kae the Nimble (Djinni Fire Elementalist)           Turns: 9298, Time: 00:09:21

Health: 0/81       AC:  4    Str: 13    XL:     11   Next: 99%
Gold:   558        EV: 16    Int: 30    God:    Makhleb [**....] SH:  0 Dex: 14

rFire   + + .      SeeInvis .   b - +2 short sword (holy)
rCold   x x .      Faith    .   (no shield)
rNeg    . . .      Spirit   .   a - +1 robe
rPois   ∞          Reflect  .   E - +1 hat
rElec   .          Harm     .   (no cloak)
rCorr   .          Rampage  .   (no gloves)
Will    +....                   (boots unavailable)
Stlth   ++........              j - amulet of regeneration
HPRegen 1.03/turn               u - ring "Waxot" {Fly rPois rC- Str+6 Int+9}
MPRegen 0.00/turn               (no ring)

@: flying
A: sickness immunity, fire resistance 2, cold vulnerability 1, float, innate
caster, HP casting, extra vitality 1
a: Renounce Religion, Minor Destruction


You were on level 9 of the Dungeon.
You worshipped Makhleb.
Makhleb was pleased with you.
You visited 1 branch of the dungeon, and saw 9 of its levels.
You also visited: Bailey.

You collected 1194 gold pieces.
You spent 636 gold pieces at shops.

Inventory:

Hand Weapons
 b - a +2 short sword of holy wrath (weapon)
Missiles
 q - a throwing net
Armour
 a - a +1 robe (worn)
 E - a +1 hat (worn)
Jewellery
 j - an amulet of regeneration (around neck)
 o - an amulet of faith
 u - the ring "Waxot" (left hand) {Fly rPois rC- Str+6 Int+9}
   (You found it on level 5 of the Dungeon)

   [ring of strength]

   Str:       It affects your strength (+6).
   Int:       It affects your intelligence (+9).
   rC:        It makes you vulnerable to cold.
   rPois:     It protects you from poison.
   Fly:       It grants you flight.
Wands
 k - a wand of paralysis (8)
 n - a wand of digging (3)
Scrolls
 h - 3 scrolls of blinking
 m - a scroll of vulnerability
 t - 3 scrolls of enchant armour
 v - 2 scrolls of immolation
 y - 3 scrolls of enchant weapon
 B - 4 scrolls of teleportation
 C - a scroll of fog
Potions
 c - a potion of degeneration
 d - a potion of berserk rage
 e - 2 potions of ambrosia
 f - a potion of resistance
 g - a potion of magic
 i - 3 potions of lignification
 l - a potion of curing
 p - a potion of might
 r - 2 potions of attraction
 s - a potion of cancellation {unknown}
 w - a potion of mutation {unknown}
 x - a potion of haste {unknown}
 z - a potion of invisibility {unknown}
 D - a potion of heal wounds {unknown}


   Skills:
 + Level 7.9 Fighting
 - Level 6.8 Armour
 + Level 9.8 Dodging
 - Level 1.5 Stealth
 * Level 9.1 Spellcasting
 + Level 5.0 Invocations


You had one spell level left.
You knew the following spells:

 Your Spells              Type           Power      Damage    Failure   Level
a - Foxfire               Conj/Fire      100%       2x1d9     1%          1
b - Scorch                Fire           100%       2d10      1%          2
c - Conjure Flame         Conj/Fire      62%        6-21      1%          3
d - Inner Flame           Hex/Fire       62%        N/A       1%          3
e - Flame Wave            Conj/Fire      62%        2d12      1%          4
f - Shock                 Conj/Air       100%       1d9       1%          1
g - Searing Ray           Conj           100%       2d8       1%          2
h - Poisonous Vapours     Pois/Air       100%       N/A       1%          2
i - Ice Form              Ice/Tmut       62%        N/A       1%          4
j - Fireball              Conj/Fire      31%        3d13      2%          5
Your spell library was empty.

Dungeon Overview and Level Annotations

Branches:
Dungeon (9/15)             Temple (0/1) D:5          Bailey (visited)
   Lair: D:8-11         Orc: D:9-12

Altars:
Elyvilon
Gozag
Hepliaklqana
Makhleb
Sif Muna
Trog
Zin

Shops:
D:3 (   D:5 *

Annotations:
D:3 1 runed translucent door, Crazy Yiuf
D:8 6 runed translucent doors


Innate Abilities, Weirdness & Mutations

You are immune to sickness and miasma.
You are immune to poison.
Your flesh is very heat resistant. (rF++)
You are vulnerable to cold. (rC-)
You float through the air rather than walking.
You learn spells naturally, not from books.
Your magical power is your life essence.
You have superior vitality. (+4 MHP)


Message History

There is an open door here.
A centaur is nearby!
A centaur is nearby!
Casting: Poisonous Vapours (safe; 1% risk of failure)
Confirm with . or Enter, or press ? or * to list all spells.
Aiming: Poisonous Vapours (safe; 1% risk of failure)
Press: ? - help, Dir - move target, f - centaur
Aim: a centaur, wielding a +0 shortbow Poisonous vapours surround the centaur!
The centaur is poisoned.
The centaur shoots an arrow.
The arrow hits you.
Casting: Poisonous Vapours (safe; 1% risk of failure)
Confirm with . or Enter, or press ? or * to list all spells.
Aiming: Poisonous Vapours (safe; 1% risk of failure)
Press: ? - help, Dir - move target, f/p - centaur
Aim: a centaur, wielding a +0 shortbow (lightly wounded, very poisoned) Poisonous vapours surround the centaur!
The centaur looks as sick as possible!
A centaur warrior comes into view.
Casting: Poisonous Vapours (safe; 1% risk of failure)
Confirm with . or Enter, or press ? or * to list all spells.
Aiming: Poisonous Vapours (safe; 1% risk of failure)
Press: ? - help, Dir - move target, f/p - centaur
Aim: a centaur, wielding a +0 shortbow (lightly wounded, extremely poisoned) Poisonous vapours surround the centaur!
The centaur looks as sick as possible!
The centaur shoots an arrow.
The arrow hits you!
The centaur shoots an arrow.
The arrow misses you.
You reach down and close the door.
A centaur warrior breaks down the door.
The centaur warrior wields a +0 shortbow.
The centaur warrior shoots an arrow.
The arrow misses you. Makhleb accepts your kill.
You feel better.
You feel a bit more experienced.
Your Invocations skill increases to level 5!
Found a scale mail.
The centaur warrior shoots an arrow.
The arrow hits you!!
The centaur warrior shoots an arrow.
The arrow hits you!!
The centaur warrior shoots an arrow.
The arrow hits you!
* * * LOW HITPOINT WARNING * * *
There is a stone staircase leading up here.
The centaur warrior shoots an arrow.
The arrow hits you!!
You die...

#.......#####
#........./.#......
#...........#....[
#...........#....
#...........#...
#...........#..#
#...........#..#
#'#####..# #..c....@#
#........# #........#
#########........#
........[..........
....................
.....................
......(..............
..............^..


You could see a centaur warrior.

Vanquished Creatures
  An orc high priest (Bailey)
  The ghost of WLBjork the Archer, a novice DEHu (D:6)
  Maurice (D:8)
  A kobold demonologist (Bailey)
  A jumping spider (D:8)
  Sigmund (D:4)
  3 redbacks (D:8)
  3 water moccasins
  An ice beast (D:7)
  10 orc warriors
  A centaur (D:9)
  A gnoll sergeant (D:5)
  3 bullfrogs
  4 scorpions
  Blork the orc (D:6)
  5 necrophages
  13 wights
  4 howler monkeys
  3 electric eels (Bailey)
  An orc priest (D:6)
  2 gnoll shamans
  3 hounds
  3 jellies
  3 iguanas
  4 orc wizards
  Robin (D:3)
  16 gnolls
  6 adders
  2 shadow imps
  A white imp (D:8)
  2 ufetubi
  3 worms
  2 dart slugs
  30 orcs
  4 bats
  3 endoplasms
  3 giant cockroaches
  27 goblins
  15 hobgoblins
  2 quokkas
  7 ball pythons
  6 frilled lizards
  4 kobolds
  3 rats
211 creatures vanquished.

Vanquished Creatures (collateral kills)
  5 foxfires (D:3)
5 creatures vanquished.

Vanquished Creatures (others)
  560 foxfires
  11 plants
  5 toadstools (D:1)
576 creatures vanquished.

Grand Total: 792 creatures vanquished

Notes
Turn   | Place    | Note
-------+----------+-------------------------------------------
     0 | D:1      | kae the Djinni Fire Elementalist began the quest for the
                  | Orb.
     0 | D:1      | Reached XP level 1. HP: 15/15 MP: 0/0
    71 | D:1      | Reached XP level 2. HP: 7/22 MP: 0/0
   531 | D:1      | Reached skill level 1 in Fighting
  1025 | D:1      | Reached XP level 3. HP: 26/27 MP: 0/0
  1025 | D:1      | Learned a level 1 spell: Shock
  1732 | D:2      | Reached XP level 4. HP: 29/33 MP: 0/0
  1748 | D:2      | Noticed a scorpion
  1755 | D:2      | Killed a scorpion
  1756 | D:2      | Reached XP level 5. HP: 27/39 MP: 0/0
  1756 | D:2      | Learned a level 2 spell: Searing Ray
  2784 | D:3      | Reached XP level 6. HP: 40/45 MP: 0/0
  3140 | D:3      | Found Wifosege's Weapon Emporium.
  3168 | D:3      | Found a runed translucent door.
  3169 | D:3      | Noticed Crazy Yiuf
  3384 | D:3      | Noticed Robin
  3399 | D:3      | Killed Robin
  4325 | D:4      | Reached XP level 7. HP: 50/50 MP: 0/0
  4325 | D:4      | Learned a level 2 spell: Poisonous Vapours
  4423 | D:4      | Reached skill level 5 in Spellcasting
  4611 | D:4      | Noticed Sigmund
  4628 | D:4      | Killed Sigmund
  4629 | D:4      | Reached XP level 8. HP: 42/58 MP: 0/0
  4888 | D:5      | Entered Level 5 of the Dungeon
  5000 | D:5      | Reached skill level 5 in Fighting
  5068 | D:5      | Found a glowing silver altar of Zin.
  5234 | D:5      | Found Natsuek's General Store.
  5279 | D:5      | Bought a potion of curing for 36 gold pieces
  5289 | D:5      | Found a staircase to the Ecumenical Temple.
  5353 | D:5      | Noticed a gargoyle
  5417 | D:5      | Found an opulent altar of Gozag.
  5417 | D:5      | Found a white marble altar of Elyvilon.
  5442 | D:5      | Found a hazy altar of Hepliaklqana.
  5501 | D:5      | Identified the ring "Waxot" {Fly rPois rC- Str+6 Int+9}
  5761 | D:5      | Reached XP level 9. HP: 65/66 MP: 0/0
  5761 | D:5      | Learned a level 4 spell: Ice Form
  5815 | D:5      | Found a burning altar of Makhleb.
  5868 | D:5      | Became a worshipper of Makhleb the Destroyer
  5985 | D:6      | Reached skill level 1 in Invocations
  6145 | D:6      | Found a runed translucent door.
  6145 | D:6      | Noticed WLBjork's ghost (novice DEHu)
  6265 | D:6      | Noticed Blork the orc
  6274 | D:6      | Killed Blork the orc
  6468 | D:6      | Found a bloodstained altar of Trog.
  6553 | D:6      | Killed WLBjork's ghost
  6612 | D:7      | Reached * piety under Makhleb
  7183 | D:8      | Found a flagged portal.
  7194 | Bailey   | Entered a bailey
  7234 | Bailey   | Reached XP level 10. HP: 72/73 MP: 0/0
  7301 | Bailey   | Noticed a kobold demonologist
  7310 | Bailey   | Killed a kobold demonologist
  7460 | Bailey   | Reached ** piety under Makhleb
  7492 | Bailey   | Reached skill level 5 in Dodging
  7576 | Bailey   | Found an iron altar of Okawaru.
  7583 | Bailey   | Identified the +1 chain mail of the Bells {rElec rF- rN++
                  | Dex+3}
  7583 | Bailey   | Noticed an orc high priest
  7605 | Bailey   | Killed an orc high priest
  8154 | Bailey   | Found an iron altar of Okawaru.
  8225 | D:8      | Acquired 701 gold pieces
  8318 | D:5      | Bought a potion of experience for 600 gold pieces
  8318 | D:5      | Reached XP level 11. HP: 79/79 MP: 0/0
  8318 | D:5      | Learned a level 5 spell: Fireball
  8567 | D:8      | Noticed Maurice
  8581 | D:8      | Killed Maurice
  8741 | D:8      | Found a runed translucent door.
  9193 | D:8      | Found a runed translucent gate.
  9193 | D:8      | Found a runed translucent gate.
  9193 | D:8      | Found a runed translucent gate.
  9193 | D:8      | Found a runed translucent gate.
  9193 | D:8      | Found a runed translucent gate.
  9193 | D:8      | Found a runed translucent gate.
  9193 | D:8      | Noticed a lindwurm
  9193 | D:8      | Noticed a boulder beetle
  9288 | D:9      | Noticed a centaur warrior
  9295 | D:9      | Reached skill level 5 in Invocations
  9298 | D:9      | Shot with an arrow by a centaur warrior

Illustrated notes

Levels and vault maps discovered:
D:1:      ldierk_walled_garden, layout_basic
D:2:      layout_loops_ring
D:3:      layout_basic, serial_bayou, serial_bayou_pond_d, serial_bayou_pond_d,
          serial_bayou_lake_a, serial_bayou_shore_b, serial_shops, shop,
          uniq_robin, uniq_crazy_yiuf_cottage
D:4:      layout_rooms, uniq_sigmund
D:5:      minmay_general_purpose_star, layout_gridville,
          mainiacjoe_overflow_alcove_1, nicolae_overflow_quartered_altars,
          lemuel_crystal_altar, minmay_temple_entry_overgrown, serial_shops,
          nicolae_inconvenience_store, hangedman_glass_teeth
D:6:      layout_rooms, lightli_temple_of_fire, hellmonk_ghost_happy_afterlife,
          hangedman_decor_push, chequers_serial_rivers_room_b,
          kennysheep_decorative_pillar, uniq_blork_the_orc
D:7:      layout_basic, grunt_ministairs_15, hex_intersection,
          serial_park_tiny_1
D:8:      gammafunk_indiana_jones, layout_rooms, enter_bailey_3, abandoned_shop,
          uniq_maurice
D:9:      minmay_the_grid_triangle_9x9_rhombus_thin_mashed
          [minmay_the_grid_triangle_9x9_corrupted_corridor,
          minmay_the_grid_triangle_9x9_prize_center,
          minmay_the_grid_triangle_9x9_sprig,
          minmay_the_grid_triangle_9x9_odd_lines], layout_irregular_city,
          lair_entry_dummy

Skill      XL: |  1  2  3  4  5  6  7  8  9 10 11 |
---------------+----------------------------------+-----
Fighting       | 1 2 3 4 5 6 7 |  7.9
Spellcasting   | 3 4 5 7 8 9 |  9.1
Invocations    | 3 4 5 |  5.0
Dodging        | 4 9 |  9.8
Armour         | 6 |  6.8
Stealth        | |  1.5

Action                   |  1- 3 |  4- 6 |  7- 9 | 10-12 || total
-------------------------+-------+-------+-------+-------++-------
Melee: Short sword       |     1 |       |    12 |    31 ||    44
       Unarmed           |       |       |    54 |       ||    54
 Cast: Foxfire           |    39 |    97 |   136 |    59 ||   331
       Scorch            |     6 |    18 |    41 |    33 ||    98
       Conjure Flame     |       |       |     2 |     4 ||     6
       Ice Form          |       |       |     5 |       ||     5
       Flame Wave        |       |       |     4 |     1 ||     5
       Fireball          |       |       |       |    29 ||    29
       Poisonous Vapours |       |       |       |     3 ||     3
Evoke: Wand              |       |       |     3 |     4 ||     7
  Use: Scroll            |     2 |     6 |    11 |     4 ||    23
       Potion            |       |       |     1 |     3 ||     4
Armor: Robe              |     2 |       |     9 |     7 ||    18
       Skin              |       |       |    23 |       ||    23
Dodge: Dodged            |     8 |    16 |    80 |    43 ||   147

Table legend: (Time is in decaauts)
 A = Elapsed time spent in this place.
 B = Non-inter-level travel time spent in this place.
 C = Inter-level travel time spent in this place.
 D = Time resting spent in this place.
 E = Time spent auto-exploring this place.
 F = Levels seen in this place.
 G = Mean time per level.
                   A        B        C        D        E       F      G
               +--------+--------+--------+--------+--------+-----+--------+
         Total |   9319 |   8888 |    431 |    427 |   6766 |  10 |  931.9 |
       Dungeon |   8290 |   7859 |    431 |    309 |   6154 |   9 |  921.1 |
        Bailey |   1029 |   1029 |      0 |    118 |    612 |   1 | 1029.0 |
               +--------+--------+--------+--------+--------+-----+--------+

Top non-repeatable levels by time:
     D:1: 1567 daAuts
     D:3: 1563 daAuts
     D:5: 1061 daAuts
     D:2: 1034 daAuts
  Bailey: 1029 daAuts
     D:8: 903 daAuts
     D:4: 827 daAuts
     D:6: 696 daAuts
     D:7: 599 daAuts
     D:9: 34 daAuts
